 Dungeon Crawl Stone Soup version 0.29.1-12-g30fa7ad0bf (webtiles) character file.

Game seed: 18184855459784702341

164 wormed the Cutter (level 5, -3/34 HPs)
             Began as a Kobold Monk on Dec 22, 2022.
             Slain by an iguana (5 damage)
             ... on level 4 of the Dungeon.
             The game lasted 00:05:49 (4807 turns).

wormed the Cutter (Kobold Monk)                     Turns: 4807, Time: 00:05:50

Health: -3/34      AC:  3    Str:  9    XL:     5   Next: 73%
Magic:  5/5        EV: 16    Int: 11    God:
Gold:   112        SH:  0    Dex: 19    Spells: 4/4 levels left

rFire   . . .      SeeInvis .   l - +0 dagger
rCold   . . .      Faith    +   (no shield)
rNeg    . . .      Spirit   .   k - +0 leather armour
rPois   .          Reflect  .   (no helmet)
rElec   .          Harm     .   (no cloak)
rCorr   .          Rampage  .   (no gloves)
Will    .....                   (no boots)
Stlth   ++++......              h - amulet of faith
HPRegen 0.11/turn               (no ring)
MPRegen 0.09/turn               (no ring)

@: about to teleport
A: small, no large weapons, nightstalker 3
a: no special abilities


You were on level 4 of the Dungeon.
You visited 1 branch of the dungeon, and saw 4 of its levels.

You collected 112 gold pieces.

Inventory:

Hand Weapons
 l - a +0 dagger (weapon)
Armour
 b - a +0 robe
 k - a +0 leather armour (worn)
Jewellery
 h - an amulet of faith (around neck)
 j - a +6 ring of intelligence
 n - a ring of protection from cold
 q - a ring of magical power
Scrolls
 f - 3 scrolls of teleportation
 g - 4 scrolls of identify {unknown}
 m - a scroll of summoning {unknown}
 p - a scroll of poison {unknown}
 r - a scroll of blinking {unknown}
Potions
 a - 3 potions of curing {unknown}
 c - a potion of ambrosia
 d - 2 potions of haste {unknown}
 e - a potion of degeneration {unknown}
 i - a potion of brilliance {unknown}
 o - a potion of heal wounds {unknown}


   Skills:
 + Level 4.3 Fighting
 + Level 5.3 Short Blades
 + Level 4.7 Dodging
 + Level 4.4 Stealth


You had 4 spell levels left.
You didn't know any spells.
Your spell library contained the following spells:

 Spells                   Type           Power      Damage    Failure   Level
 Shock                    Conj/Air       0%         1d3       45%         1
 Static Discharge         Conj/Air       0%         3-3/arc   58%         2
 Freezing Cloud           Conj/Ice/Air   0%         6-21      100%        5
 Irradiate                Conj/Tmut      0%         3d11      100%        5


Dungeon Overview and Level Annotations

Branches:
Dungeon (4/15)
 Temple: D:4-7

Altars:
Sif Muna


Innate Abilities, Weirdness & Mutations

You are small and have problems with some larger weapons.
You are completely attuned to the shadows.


Message History

The iguana is severely wounded.
The iguana closely misses you.
You hit the iguana.
The iguana is almost dead.
The iguana bites you!
You hit the iguana but do no damage.
The iguana is almost dead.
The iguana bites you but does no damage.
You barely miss the iguana.
The iguana is almost dead.
You barely miss the iguana.
The iguana is almost dead.
The iguana completely misses you.
You closely miss the iguana.
The iguana is almost dead.
The iguana misses you.
You hit the iguana but do no damage.
The iguana is severely wounded.
The iguana barely misses you.
You hit the iguana but do no damage.
The iguana is severely wounded.
You hit the iguana but do no damage.
The iguana is severely wounded.
The iguana barely misses you.
You barely miss the iguana.
The iguana is severely wounded.
The iguana bites you!
You barely miss the iguana.
The iguana is severely wounded.
The iguana bites you!
* * * LOW HITPOINT WARNING * * *
You closely miss the iguana.
The iguana is severely wounded.
You closely miss the iguana.
The iguana is severely wounded.
The iguana misses you.
As you read the scroll labelled JAZAGIAKHU, it crumbles to dust.
You feel strangely unstable.
It was a scroll of teleportation.
The iguana bites you.
You die...

#.#......... #..
#.#.##.##### ##.
#.......# #. #...##..##
##+ #........# ##..
##.####..# ##... .###
#.###...# ##....
....######.......###.....
.......l@..........'.....
..#.#########....###.....
#. ##.#.# ##.... #. ###.#
##... .. #.# ##..
#####.#######'
#.....#.......
#.#####.####.. #.# #.#
#..


You could see an iguana.

Vanquished Creatures
  A phantom (D:4)
  3 adders
  A worm (D:4)
  5 endoplasms
  A giant cockroach (D:3)
  10 goblins
  3 hobgoblins
  6 kobolds
  3 quokkas
  5 ball pythons
  7 bats
  2 frilled lizards
  11 rats
58 creatures vanquished.

Notes
Turn   | Place    | Note
-------+----------+-------------------------------------------
     0 | D:1      | wormed the Kobold Monk began the quest for the Orb.
     0 | D:1      | Reached XP level 1. HP: 14/14 MP: 1/1
   377 | D:1      | Reached XP level 2. HP: 19/19 MP: 2/2
   446 | D:1      | Got Tuss's Reference Book on Attacks
   691 | D:1      | Reached XP level 3. HP: 23/23 MP: 3/3
  1402 | D:2      | Identified the +0 ring mail of Tulips {Contam Rampage rCorr
                  | Slay+3}
  1768 | D:2      | Reached XP level 4. HP: 7/29 MP: 4/4
  2098 | D:2      | Identified the -2 pair of boots of Wuhiumok {Will+ Regen+
                  | Str-4 Slay+3}
  2381 | D:2      | Found a faded altar of an unknown god.
  3525 | D:3      | Found a shimmering blue altar of Sif Muna.
  3774 | D:4      | Noticed an ogre
  4148 | D:4      | Noticed an ogre
  4502 | D:4      | Noticed a phantom
  4506 | D:4      | Killed a phantom
  4507 | D:4      | Reached skill level 5 in Short Blades
  4507 | D:4      | Reached XP level 5. HP: 33/33 MP: 5/5
  4802 | D:4      | HP: 1/34 [iguana (11)]
  4807 | D:4      | Slain by an iguana

Illustrated notes

Levels and vault maps discovered:
D:1:      nzn_arrival_depleted_hourglass, layout_loops_ring
D:2:      layout_basic, shapermc_ecumenical_altar_notcrosses
D:3:      layout_loops_ring, mainiacjoe_overflow_brackets,
          kennysheep_generic_room_14
D:4:      layout_loops_corners, lemuel_mausoleum_altar_yredelemnul, uniq_ijyb

Skill      XL: |  1  2  3  4 |
---------------+-------------+-----
Stealth        | 3 4 |  4.4
Dodging        | 4 |  4.7
Fighting       | 4 |  4.3
Short Blades   | 5 |  5.3

Action                   |  1- 3 |  4- 6 || total
-------------------------+-------+-------++-------
Melee: Short sword       |    93 |     3 ||    96
       Punch             |     1 |     2 ||     3
       Dagger            |       |   110 ||   110
  Use: Scroll            |       |     1 ||     1
 Stab: Sleeping          |    27 |     9 ||    36
Armor: Robe              |     5 |       ||     5
       Leather armour    |       |     7 ||     7
Dodge: Dodged            |    50 |    53 ||   103
